 Dungeon Crawl Stone Soup version 0.15-a0-35-ga771cbd (webtiles) character file.

513 Psiweapon the Changer (level 6, -4/43 HPs)
             Began as a Merfolk Transmuter on Apr 2, 2014.
             Slain by a green rat (8 damage)
             ... summoned by Eustachio
             ... on Level 4 of the Dungeon.
             The game lasted 00:19:50 (4619 turns).

Psiweapon the Changer (Merfolk Transmuter)          Turns: 4619, Time: 00:19:50

HP  -4/43        AC  2     Str 15      XL: 6   Next: 74%
MP   2/11        EV 16     Int 18      God:
Gold 134         SH  0     Dex 15 (16) Spells:  3 memorised,  1 level left

rFire  . . .     SeeInvis .       - Unarmed
rCold  . . .     Clarity  .     c - +0 robe
rNeg   . . .     Conserve .     (shield currently unavailable)
rPois  .         rCorr    .     (no helmet)
rElec  .         rRot     .     (no cloak)
SustAb . .       Spirit   .     (gloves currently unavailable)
rMut   .         Warding  .     (no boots)
Saprov . . .     Stasis   .     (no amulet)
MR     .....                    I - +3 ring of evasion
                                z - ring of sustenance

@: blade hands, mighty, brilliant, not resistant to hostile enchantments,
unstealthy
A: change form in water, swift swim
a: End Transformation


You were on level 4 of the Dungeon.
You were not hungry.
Your hands were blades.
You visited 1 branch of the dungeon, and saw 5 of its levels.

You collected 134 gold pieces.

Inventory:

Missiles
 b - 27 arrows
 m - 5 javelins (quivered)
 s - 7 curare-tipped needles
 E - 3 tomahawks
Armour
 c - a +0 robe (worn)
 B - a +0 buckler
Magical devices
 n - a wand of frost (3)
 u - a wand of frost (14)
Comestibles
 a - 7 bread rations
 t - an apple
Scrolls
 f - 2 scrolls of magic mapping {unknown}
 g - a scroll of noise {unknown}
 h - 2 scrolls of identify
 j - a scroll of enchant weapon I {unknown}
 l - a scroll of random uselessness {unknown}
 p - a scroll of teleportation
 q - a scroll of blinking
 v - a scroll of remove curse
 y - a scroll of enchant weapon II
 A - a scroll of enchant armour
Jewellery
 z - a ring of sustenance (left scythe-like blade)
 I - a +3 ring of evasion (right scythe-like blade)
Potions
 e - a potion of heal wounds
 i - a potion of flight
 k - a potion of magic
 x - 2 potions of cure mutation
 D - a potion of paralysis
Books
 d - a book of Changes

   Spells                             Type                      Level
   *Beastly Appendage                 Transmutation                1
   *Sticks to Snakes                  Transmutation                2
   Spider Form                        Transmutation/Poison         3
   Ice Form                           Ice/Transmutation            4
   *Blade Hands                       Transmutation                5


   Skills:
 - Level 1.1 Fighting
 - Level 2.6 Dodging
 + Level 6.1 Unarmed Combat
 + Level 2.3 Spellcasting
 + Level 6.4 Transmutations


You had one spell level left.
You knew the following spells:

 Your Spells              Type           Power        Failure   Level  Hunger
a - Beastly Appendage     Trmt           #####.       2%          1    #......
b - Sticks to Snakes      Trmt           #####.....   2%          2    ##.....
c - Blade Hands           Trmt           #####.....   13%         5    ######.


Dungeon Overview and Level Annotations

Branches:
Dungeon (5/15)
 Temple: D:4-7

Altars:

Annotations:
D:4 Eustachio, Sigmund


Message History

The bat barely misses you!
Eustachio evokes his ring!
Eustachio flickers and vanishes!!!
The crimson imp barely misses you!
You miss something! The bat closely misses you! Something barely misses you!
The green rat bites you!!!
You shred something!!!!!! The bat closely misses you! The crimson imp hits you!
You hear some strange, mumbled words!
The green rat completely misses you!
You barely miss something! The bat hits you!
The crimson imp closely misses you! Something hits you!
The green rat closely misses you!
You shred something!!! The bat closely misses you!
The crimson imp hits you but does no damage!
Something hits you! The green rat closely misses you!
You barely miss something! The bat closely misses you!
The iron imp closely misses you! The crimson imp hits you!
* * * LOW HITPOINT WARNING * * *
Something hits you!!!
* * * LOW HITPOINT WARNING * * *
You closely miss something! The green rat bites you!!!
You die!!!

...... ### ......
.).... .$.... ......
....... ..... # #!..#
# # #...# # #O..# . #
#.5.# .# # #@5r# .# #
#rb.# .# # #...# #.# #
.####...#####.# .
...............# .
..............# # #..
.........%.....# # ..#
####...[......########
# #..
#..................


You could see an ogre, an iron imp, a crimson imp, a green rat, a bat and a rat.

Vanquished Creatures
  A phantom (D:5)
  2 adders
  A gnoll (D:1)
  A giant mite (D:4)
  3 worms
  A giant gecko (D:1)
  4 oozes
  2 orcs (D:3)
  8 bats
  4 giant cockroaches
  8 goblins
  5 hobgoblins
  9 kobolds
  2 quokkas
  A ball python (D:1)
  2 giant newts
  6 jackals
  9 rats
69 creatures vanquished.

Vanquished Creatures (collateral kills)
  Grinder (D:3)
  An adder (D:2)
  A worm (D:2)
  5 orcs
  A goblin (D:3)
  2 bats
11 creatures vanquished.

Grand Total: 80 creatures vanquished

Notes
Turn   | Place    | Note
--------------------------------------------------------------
     0 | D:1      | Psiweapon, the Merfolk Transmuter, began the quest for the Orb.
     0 | D:1      | Reached XP level 1. HP: 15/15 MP: 3/3
   393 | D:1      | Reached XP level 2. HP: 21/21 MP: 1/4
   923 | D:1      | Reached XP level 3. HP: 26/26 MP: 4/6
   948 | D:1      | Reached skill level 4 in Unarmed Combat
   962 | D:1      | Learned a level 2 spell: Sticks to Snakes
  2283 | D:2      | Reached XP level 4. HP: 29/32 MP: 5/7
  3481 | D:3      | Noticed Grinder
  3492 | D:3      | Paralysed by Grinder for 7 turns
  3502 | D:3      | HP: 1/32 [Grinder (11)]
  3505 | D:3      | Killed Grinder
  3505 | D:3      | Reached skill level 5 in Unarmed Combat
  3505 | D:3      | Reached skill level 6 in Transmutations
  3505 | D:3      | Reached XP level 5. HP: 27/37 MP: 1/9
  3505 | D:3      | Reached XP level 6. HP: 31/43 MP: 1/10
  3683 | D:3      | Learned a level 5 spell: Blade Hands
  4020 | D:4      | Noticed Eustachio
  4443 | D:4      | Noticed Sigmund
  4590 | D:5      | Entered Level 5 of the Dungeon
  4619 | D:4      | Slain by a green rat

Action                   |  1- 3 |  4- 6 || total
-------------------------+-------+-------++-------
Melee: Unarmed           |   130 |   143 ||   273
Throw: Javelin           |     1 |     1 ||     2
 Cast: Beastly Appendage |    21 |    20 ||    41
       Sticks to Snakes  |     4 |    13 ||    17
       Blade Hands       |       |     2 ||     2
  Use: Potion            |       |     5 ||     5
       Scroll            |       |     7 ||     7
 Stab: Sleeping          |     1 |       ||     1
       Distracted        |       |     2 ||     2
